 Dungeon Crawl Stone Soup version 0.21-a0-442-g848f44b (webtiles) character file.

100 AverageBear the Cutter (level 4, -4/27 HPs)
             Began as a Deep Elf Fighter on Nov 12, 2017.
             Slain by a gnoll
             ... wielding a +0 club
              (6 damage)
             ... on level 3 of the Dungeon.
             The game lasted 00:02:11 (1500 turns).

AverageBear the Cutter (Deep Elf Fighter)           Turns: 1500, Time: 00:02:11

Health: -4/27      AC:  6    Str: 14    XL:     4   Next: 47%
Magic:  6/6        EV:  6    Int: 13    God:
Gold:   141        SH:  8    Dex: 14    Spells: 3/3 levels left

rFire    . . .     SeeInvis .   a - +1 rapier
rCold    . . .     Gourm    .   c - +0 shield
rNeg     . . .     Faith    .   b - +0 scale mail
rPois    .         Spirit   .   (helmet restricted)
rElec    .         Reflect  .   (no cloak)
rCorr    .         Harm     .   (no gloves)
MR       .....                  (no boots)
Stlth    ..........             (no amulet)
HPRegen  0.09/turn              (no ring)
MPRegen  0.10/turn              (no ring)

@: no status effects
A: horns 1, mutation resistance 1, sense surroundings 1
a: no special abilities


You were on level 3 of the Dungeon.
You were not hungry.

You visited 1 branch of the dungeon, and saw 3 of its levels.

You collected 141 gold pieces.

Inventory:

Hand Weapons
 a - a +1 rapier (weapon)
Armour
 b - a +0 scale mail (worn)
 c - a +0 shield (worn)
Scrolls
 i - 3 scrolls of remove curse
 q - 3 scrolls of enchant armour
Potions
 d - 2 potions of might
 e - a potion of berserk rage
 l - 2 potions of curing {unknown}
 n - a potion of heal wounds {unknown}
 p - 2 potions of ambrosia {unknown}
Books
 j - a book of Cantrips

   Spells                             Type                      Level
   a - Confusing Touch                Hexes                        1
   b - Animate Skeleton               Necromancy                   1
   c - Summon Small Mammal            Summoning                    1
   d - Apportation                    Translocation                1
Comestibles
 f - 4 bread rations
 g - 2 royal jellies
 h - 2 chunks of flesh
 m - a fruit
 o - 2 meat rations


   Skills:
 - Level 2.4 Fighting
 + Level 4.8 Short Blades
 - Level 2.4 Armour
 - Level 2.4 Shields


You had 3 spell levels left.
You didn't know any spells.

Dungeon Overview and Level Annotations

Branches:
Dungeon (3/15)

Altars:
Nemelex Xobeh
Okawaru


Innate Abilities, Weirdness & Mutations

You have a pair of small horns on your head.
You are somewhat resistant to further mutation.
You passively map a small area around you.


Message History

You are too injured to fight recklessly!
You are too injured to fight recklessly!
You are too injured to fight recklessly!
You are too injured to fight recklessly!
You are too injured to fight recklessly!
You are too injured to fight recklessly!
You are too injured to fight recklessly!
You are too injured to fight recklessly!
You are too injured to fight recklessly!
You are too injured to fight recklessly!
You are too injured to fight recklessly!
You are too injured to fight recklessly!
You hit the gnoll.
The gnoll is severely wounded.
The gnoll hits you but does no damage. The gnoll hits you with a spear!
* * * LOW HITPOINT WARNING * * *
You hit the gnoll.
You kill the gnoll!
The gnoll hits you with a club.
You die...

####.###..........
,
#.......#.......#
#.##.##.#.......#
#.#..##.#.......#
,
#.#..##.#.......#
#....##.#.......#
*
#.##.##.#.......#
#...(...#....####
####.####@...##
####
#.##.)g....#.....
#.....g......# *
####.......###
###..<### ** , ,
#...# , * * ###.##
, * #..## ,, * *
#...# ,


You could see 2 gnolls.

Vanquished Creatures
  2 gnolls (D:3)
  2 adders (D:2)
  4 dart slugs
  2 worms
  2 leopard geckos
  4 giant cockroaches
  7 goblins
  4 hobgoblins
  5 kobolds
  2 quokkas
  4 bats
  5 frilled lizards
  5 rats
48 creatures vanquished.

Notes
Turn   | Place    | Note
-------+----------+-------------------------------------------
     0 | D:1      | AverageBear the Deep Elf Fighter began the quest for the Orb.
     0 | D:1      | Reached XP level 1. HP: 13/13 MP: 3/3
   180 | D:1      | Reached XP level 2. HP: 18/18 MP: 4/4
   294 | D:1      | Reached skill level 3 in Short Blades
   773 | D:2      | Reached XP level 3. HP: 18/22 MP: 5/5
   846 | D:2      | Reached skill level 4 in Short Blades
   981 | D:2      | Found a sparkling altar of Nemelex Xobeh.
  1110 | D:2      | Reached XP level 4. HP: 20/27 MP: 6/6
  1215 | D:3      | Gained mutation: You passively map a small area around you. [potion of mutation]
  1215 | D:3      | Gained mutation: You are somewhat resistant to further mutation. [potion of mutation]
  1215 | D:3      | Gained mutation: You have a pair of small horns on your head. [potion of mutation]
  1296 | D:3      | Found an iron altar of Okawaru.
  1500 | D:3      | Slain by a gnoll

Vault maps used:
D:1:      shiori_arrival_whats_in_store_for_you
D:2:      nicolae_overflow_crystal_walls
D:3:      zin_angel, first_bread, okawaru_gym_becter, uniq_natasha

Skill      XL: |  1  2  3 |
---------------+----------+-----
Short Blades   | 3 4 |  4.8
Fighting       | |  2.4
Armour         | |  2.4
Shields        | |  2.4

Action                   |  1- 3 |  4- 6 || total
-------------------------+-------+-------++-------
Melee: Short sword       |    84 |       ||    84
       Rapier            |    38 |    34 ||    72
       Headbutt          |       |     3 ||     3
  Use: Scroll            |     4 |     6 ||    10
       Potion            |       |     2 ||     2
  Eat: Chunk             |     1 |     1 ||     2
Armor: Scale mail        |    33 |    17 ||    50
Dodge: Dodged            |    33 |     8 ||    41
Block: Shield            |    39 |    18 ||    57

Table legend:
 A = Spawn XP
 B = Non-spawn XP
 C = Spawn XP percentage of total XP
 D = Spawn monster count
 E = Non-spawn monster count
 F = Spawn count percentage of total count
 G = Total turns spent on level
                    A         B        C        D         E        F      G
               +---------+---------+-------+---------+---------+-------+---------
         Total |       0 |     144 |   0.0 |       0 |      48 |   0.0 |  1500
               +---------+---------+-------+---------+---------+-------+---------
           D:1 |       0 |      33 |   0.0 |       0 |      18 |   0.0 |   738
           D:2 |       0 |      71 |   0.0 |       0 |      22 |   0.0 |   471
           D:3 |       0 |      40 |   0.0 |       0 |       8 |   0.0 |   291
               +---------+---------+-------+---------+---------+-------+---------
